 BcadrenCrawl: Boulder Brew version 0.04.21-209-g19e16bb646 (webtiles) character file.

Game seed: 7081917199260716448, levelgen mode: deterministic

60 st0uf the Twirler (level 3, 10/28 HPs) Immature Draconian Demonspawn. Began on May 25, 2021. Quit the game on level 2 of the Dungeon. The game lasted 00:05:00 (1099 turns).

st0uf the Twirler (Immature Draconian Demonspawn)   Turns: 1099, Time: 00:05:00

Health: 10/28      AC:  9    Str: 17    XL:     3 ^: 10
Magic:  5/5        EV: -3    Int: 12    God:
Gold:   77         SH:  0    Dex: 10    Spells: 3/4 levels left

rFire    . . .     Vision   .   a - +0 morningstar
rCold    . . .     Gourm    .   (no weapon)
rNeg     . . .     Faith    .   b - +0 leather armour
rPois    .         Spirit   .   (helmet restricted)
rElec    .         Reflect  .   (no cloak)
rCorr    .         Harm     .   (no gloves)
MR       .....                  (no boots)
Stlth    ..........             (no amulet)
HPRegen  0.19/turn              (no ring)
MPRegen  0.15/turn              (no ring)

@: mildly poisoned (10 -> 8), very slow
A: stinger, demonic guardian 1, powered by pain 1, evolution 1, cold-blooded, AC
+6
a: Breathe Dart


You were on level 2 of the Dungeon.
You were not hungry.

You visited 1 branch of the dungeon, and saw 2 of its levels.

You collected 77 gold pieces.

Inventory:

Weapons
 a - a +0 morningstar (weapon)
Armour
 b - a +0 leather armour (worn)
Scrolls
 c - a scroll of blinking
 f - a scroll of amnesia
 g - a scroll of bless item
Potions
 h - a potion of lignification
 i - a potion of invisibility
Comestibles
 d - 3 rations


   Skills:
 + Level 1.2 Fighting
 * Level 3.2 Maces & Staves
 + Level 2.4 Dodging
 - Level 1.3 Stealth
 - Level 1.3 Spellcasting
 - Level 1.5 Fire Magic
   Level 3.0 Invocations


You had 3 spell levels left.
You knew the following spells:

 Your Spells              Type           Power        Failure   Level  Hunger
a - Flame Tongue          Fire           4 (30)       100%        1    ##.....

Your spell library contained the following spells:

 Spells                   Type           Power        Failure   Level  Hunger
 Blink                    Tloc           N/A          100%        2    ###....
 Call Imp                 Summ           0 (100)      100%        2    ###....
 Slow                     Hex            0 (100)      100%        2    ###....
 Conjure Flame            Fire           4 (100)      100%        3    ####...
 Mephitic Cloud           Pois/Air       0 (100)      100%        3    ####...


Dungeon Overview and Level Annotations

Branches:
Dungeon (2/8)

Altars:


Innate Abilities, Weirdness & Mutations

Your plain brown scales are resilient. (AC +6)
You can breathe rudimentary magical darts.
A weak demonic guardian rushes to your aid.
You sometimes gain a little power by taking damage.
You are cold-blooded and are slowed more easily by cold attacks.
Your tail ends in a sharp, venomous barb.
You evolve.


Message History

A sewer rat comes into view.
The adder bites you (2).
Your quasit bites the sewer rat (3).
Your quasit claws the sewer rat but does no damage.
The sewer rat blocks your quasit's attack.
The adder bites you but does no damage.
Your quasit bites the sewer rat (1).
Your quasit barely misses the sewer rat (0). x2
You miss the adder. x2
You feel sick. (1)
The adder bites you but does no damage.
Your quasit bites the sewer rat (1).
Your quasit claws the sewer rat but does no damage.
Your quasit misses the sewer rat (0).
The sewer rat closely misses your quasit (0).
A sewer rat comes into view.
The sewer rat bites your quasit but does no damage.
The adder bites you but does no damage.
Your quasit bites the sewer rat (1).
Your quasit misses the sewer rat (0).
Your quasit claws the sewer rat but does no damage.
The sewer rat bites your quasit but does no damage.
The sewer rat misses your quasit (0).
Are you sure you want to abandon this character and quit the game? (Confirm with "yes".)

rPP.≈.P.b..≈..
P≈...P≈.≈≈...≈
≈
P≈r.≈≈≈P..≈≈.≈≈
≈;
.≈P.≈≈≈PP.≈≈S
≈≈≈ P.....PP...
... #≈.≈..P≈#
.≈
#≈PPr≈r#####≈#


PP...rrrS@P# #PP.≈≈r5r#### #PP.≈≈.≈## #.....≈## #≈P≈≈≈≈# #PP≈≈≈≈# #.P≈≈≈.#
#..≈P..# #.≈†P≈.# You could see a submerged adder, 7 sewer rats, a neutral
submerged slimehead (wandering) (passive) and a friendly quasit.

Vanquished Creatures
  A jelly (D:2)
  2 cinder newts
  A worm (D:1)
  A dart slug (D:1)
  A leopard gecko (D:2)
  A bat (D:1)
  A goblin (D:1)
  A hobgoblin (D:1)
  2 kobolds (D:1)
  2 ball pythons (D:1)
  3 rats (D:1)
  2 withered plants (D:2)
18 creatures vanquished.

Vanquished Creatures (others)
  18 withered plants (D:2)
18 creatures vanquished.

Grand Total: 36 creatures vanquished

Notes
Turn   | Place    | Note
-------+----------+-------------------------------------------
     0 | D:1      | st0uf the Immature Draconian Demonspawn began the quest for
                  | the Orb.
     0 | D:1      | Reached XP level 1. HP: 16/16 MP: 3/3
   541 | D:1      | Gained mutation: You sometimes gain a little power by
                  | taking damage. [demonic ancestry]
   541 | D:1      | Reached XP level 2. HP: 23/23 MP: 4/4
   662 | D:1      | Gained mutation: You evolve. [potion of mutation]
   662 | D:1      | Gained mutation: Your tail ends in a sharp, venomous barb.
                  | [potion of mutation]
   826 | D:2      | Gained mutation: A weak demonic guardian rushes to your
                  | aid. [demonic ancestry]
   826 | D:2      | Reached XP level 3. HP: 22/28 MP: 5/5
  1099 | D:2      | Quit the game

Levels and vault maps discovered:
D:1:      dpeg_arrival_prison, layout_loops_ring, first_ration,
          amethyst_killhole
D:2:      layout_sewer, marbit_many_paths, kennysheep_small_circle, uniq_purgy,
          uniq_menkaure, uniq_edmund

Skill      XL: |  1  2  3 |
---------------+----------+-----
Maces & Staves | 2 3 |  3.2
Fighting       | |  1.2
Dodging        | |  2.4
Stealth        | |  1.3
Spellcasting   | |  1.3
Fire Magic     | |  1.5
Invocations    | |  3.0

Action                   || total
-------------------------++-------
Melee: Morningstar       ||   145
       Unarmed           ||   129
  Use: Potion            ||     2
  Eat: Chunk             ||     1
Armor: Leather armour    ||   201
